 Dungeon Crawl Stone Soup version 0.28-a0-941-g140ffa10cf (webtiles) character file.

Game seed: 6676194939776628584

655398 kMk the Hoplite (level 27, -28/228 HPs)
             Began as a Djinni Conjurer on Nov 28, 2021.
             Was the Champion of Ashenzari.
             Killed from afar by a black draconian knight (35 damage)
             ... with a bolt of lightning
             ... on level 5 of the Realm of Zot on Nov 29, 2021.
             The game lasted 07:23:05 (91294 turns).

kMk the Hoplite (Djinni Conjurer)                  Turns: 91294, Time: 07:23:07

Health: -28/228    AC: 23    Str:  6    XL:     27
Gold:   9513       EV: 25    Int: 31    God:    Ashenzari [******] SH: 13 Dex: 13

rFire   + + .      SeeInvis +   U - staff of cold (curse) {Self, Fort}
rCold   + . .      Faith    .   H - +2 buckler of Supernal Gnosis {reflect, Self, Cun} (curse)
rNeg    + + .      Spirit   .   R - +2 robe of the Eternal God {Archmagi, Fort, Self} (curse)
rPois   ∞          Reflect  +   X - +1 helmet of Supernal Understanding {Int+3, Cun, Self} (curse)
rElec   .          Harm     .   t - +2 cloak of the Distant Doubts {rCorr, Fort, Cun} (curse)
rCorr   +          Rampage  .   C - +1 pair of gloves of Supernal Understanding {Will+, Melee, Cun} (curse)
Will    ++++.      Archmagi +   (boots unavailable)
Stlth   +++++++++. Clarity  +   Q - amulet "Mantic Trepidation" {RegenMP Will+ Regen+ rCorr Slay+3, Cun, Self} (curse)
HPRegen 1.28/turn               d - ring of the Ruined Apathy {rN+, Self, Fort} (curse)
MPRegen 0.00/turn               V - ring "Ordeal of the Sky" {rC+ rN+, Self, Fort} (curse)

@: flying, studying Crossbows
A: sickness immunity, fire resistance 2, cold vulnerability 1, float, innate
caster, hp casting, extra vitality 1, iridescent scales 3, dopey 2, passive
freeze, no potion heal 1, MP-powered wands
}: 4/15 runes: decaying, slimy, silver, gossamer
a: Renounce Religion, Shatter the Chains


You were on level 5 of the Realm of Zot.
You worshipped Ashenzari.
Ashenzari was exalted by your worship.
You visited 13 branches of the dungeon, and saw 58 of its levels.
You visited the Abyss 1 time.
You also visited: Gauntlet, Ice Cave and Wizlab.

You collected 13322 gold pieces.
You spent 3809 gold pieces at shops.

Inventory:

Armour
 n - a +2 robe of the Archmagi
 t - the cursed +2 cloak of the Distant Doubts (worn) {rCorr, Fort, Cun}
   (You found it in a wizard's laboratory)

   It has a curse which improves the following skills: Fortitude: Armour and
   Shields.
   Cunning:   Dodging and Stealth.
 C - the cursed +1 pair of gloves of Supernal Understanding (worn) {Will+, Melee, Cun}
   (You found it on level 5 of the Pits of Slime)

   Will:      It increases your willpower.
   It has a curse which improves the following skills: Melee Combat: Short
   Blades, Long Blades, Axes, Maces & Flails, Polearms, Staves and Unarmed
   Combat.
   Cunning:   Dodging and Stealth.
 H - the cursed +2 buckler of Supernal Gnosis (worn) {reflect, Self, Cun}
   (You took it off a tengu warrior on level 8 of the Dungeon)

   It has a curse which improves the following skills: Introspection: Fighting
   and Spellcasting.
   Cunning:   Dodging and Stealth.
 I - a +0 tower shield
 R - the cursed +2 robe of the Eternal God (worn) {Archmagi, Fort, Self}
   (You took it off a necromancer on level 5 of the Lair of Beasts)

   It has a curse which improves the following skills: Fortitude: Armour and
   Shields.
   Introspection: Fighting and Spellcasting.
 W - the +3 ice dragon scales "Keyfecof" {Rampage rF- rC++ Will+ Str-3 SInv}
   (You found it in an ice cave)

   Str:       It affects your strength (-3).
   rF:        It makes you vulnerable to fire.
   rC:        It greatly protects you from cold.
   SInv:      It lets you see invisible.
   Rampage:   It bestows one free step when moving towards enemies.
   Will:      It increases your willpower.
 X - the cursed +1 helmet of Supernal Understanding (worn) {Int+3, Cun, Self}
   (You found it in a Gauntlet)

   It has a curse which improves the following skills: Cunning: Dodging and
   Stealth.
   Introspection: Fighting and Spellcasting.
Magical Staves
 c - a staff of conjuration
 g - a staff of fire
 s - a staff of poison
 y - a staff of death
 J - a staff of earth
 U - a cursed staff of cold (weapon) {Self, Fort}
 Z - a staff of conjuration
Jewellery
 d - the cursed ring of the Ruined Apathy (left hand) {rN+, Self, Fort}
   (You found it on level 1 of the Dungeon)

   [ring of positive energy]

   rN:        It protects you from negative energy.
   It has a curse which improves the following skills: Introspection: Fighting
   and Spellcasting.
   Fortitude: Armour and Shields.
 p - the ring "Acoonask" {Will+ MP+9 SInv Stlth+}
   (You found it in a wizard's laboratory)

   [ring of magical power]

   MP:        It affects your magic capacity (+9).
   SInv:      It lets you see invisible.
   Will:      It increases your willpower.
   Stlth:     It makes you more stealthy.
 v - a +4 ring of evasion
 z - the ring of the Tortoise {AC+8}
   (You took it off a deep elf demonologist on level 3 of the Elven Halls)

   [ring of protection]

   AC:        It affects your AC (+8).
 A - an amulet of the acrobat
 P - a ring of protection from cold
 Q - the cursed amulet "Mantic Trepidation" (around neck) {RegenMP Will+ Regen+ rCorr Slay+3, Cun, Self}
   (You found it on level 5 of the Pits of Slime)

   [amulet of magic regeneration]

   It increases your rate of magic regeneration.
   Slay:      It affects your accuracy & damage with ranged weapons and melee
   (+3).
   Regen:     It increases your rate of health regeneration.
   rCorr:     It protects you from acid and corrosion.
   Will:      It increases your willpower.
   It has a curse which improves the following skills: Cunning: Dodging and
   Stealth.
   Introspection: Fighting and Spellcasting.
 S - an amulet of reflection
 V - the cursed ring "Ordeal of the Sky" (right hand) {rC+ rN+, Self, Fort}
   (You found it in an ice cave)

   [ring of protection from cold]

   rC:        It protects you from cold.
   rN:        It protects you from negative energy.
   It has a curse which improves the following skills: Introspection: Fighting
   and Spellcasting.
   Fortitude: Armour and Shields.
 Y - a ring of positive energy
Wands
 x - a wand of acid (46)
Scrolls
 a - 5 scrolls of vulnerability
 b - 5 scrolls of immolation
 h - 6 scrolls of fear
 i - 4 scrolls of blinking
 j - 12 scrolls of teleportation
 m - 11 scrolls of noise
 q - 13 scrolls of enchant weapon
 w - 4 scrolls of torment
 B - 2 scrolls of brand weapon
 D - 2 scrolls of holy word
 E - 8 scrolls of enchant armour
 K - 7 scrolls of magic mapping
 M - 8 scrolls of fog
 O - 2 scrolls of summoning
 T - 2 scrolls of silence
Potions
 e - 5 potions of haste
 f - 20 potions of curing
 k - 8 potions of heal wounds
 l - 6 potions of ambrosia
 o - 12 potions of brilliance
 r - 2 potions of resistance
 u - a potion of attraction
 F - 6 potions of might
 G - 6 potions of invisibility
 L - a potion of berserk rage
 N - 5 potions of cancellation


   Skills:
 - Level 18.4(27) Fighting
 + Level 7.1(10.2) Maces & Flails
 - Level 19.9(27) Armour
 - Level 21.6(27) Dodging
 + Level 19.1(27) Stealth
 - Level 22.0(27) Shields
 - Level 18.4(27) Spellcasting


You couldn't memorise any spells.
You knew the following spells:

 Your Spells              Type           Power      Damage    Failure   Level
a - Magic Dart            Conj           100%       1d8       0%          1
b - Searing Ray           Conj           100%       2d8       0%          2
c - Dazzling Flash        Conj/Hex       100%       N/A       0%          3
d - Fulminant Prism       Conj/Hex       71%        3d30      0%          4
e - Iskenderun's Mystic   Conj/Tloc      100%       2d19      0%          4
f - Apportation           Tloc           100%       N/A       0%          1
g - Corpse Rot            Necr/Air       100%       N/A       0%          2
h - Portal Projectile     Hex/Tloc       100%       N/A       0%          3
i - Tukima's Dance        Hex            100%       N/A       0%          3
j - Passage of Golubria   Tloc           100%       N/A       0%          4
k - Irradiate             Conj/Tmut      71%        3d37      0%          5
l - Summon Cactus Giant   Summ           71%        N/A       0%          6
m - Simulacrum            Ice/Necr       84%        N/A       0%          6
n - Malign Gateway        Summ/Tloc      71%        N/A       0%          7
o - Maxwell's Capacitive  Air            71%        ∞         1%          8
p - Haunt                 Necr/Summ      71%        N/A       0%          7
q - Disjunction           Tloc           71%        N/A       1%          8
r - Polar Vortex          Ice            84%        N/A       1%          9
Your spell library was empty.

Dungeon Overview and Level Annotations

Branches:
Dungeon (15/15)            Temple (1/1) D:5            Lair (6/6) D:9
  Swamp (4/4) Lair:4       Spider (4/4) Lair:4        Slime (5/5) Lair:6
    Orc (2/2) D:12            Elf (3/3) Orc:2        Vaults (5/5) D:14
  Crypt (3/3) Vaults:2       Tomb (0/3) Crypt:3      Depths (4/4) D:15
   Hell (visited)             Dis (0/7) Hell            Geh (0/7) Hell
    Coc (0/7) Hell            Tar (0/7) Hell            Zot (5/5) Depths:4
  IceCv (visited)          WizLab (visited)         Gauntlet (visited)

Altars:
Ashenzari
Cheibriados
Dithmenos
Elyvilon
Fedhas
Gozag
Hepliaklqana
Kikubaaqudgha
Makhleb
Nemelex Xobeh
Okawaru
Qazlal
Ru
Sif Muna
Trog
Uskayaw
Vehumet
Wu Jian
Xom
Yredelemnul
Zin
The Shining One
Beogh
Jiyva

Shops:
D:3 *   D:6 =   D:9 *??*   D:12 (   D:13 [   D:15 (   Orc:1 !   Orc:2 *![(:=
Elf:3 *   Vaults:5 [[=

Portals:
Hell: Depths:1 Depths:2 Depths:3 Depths:4
Abyss: Depths:1 Depths:3 Depths:4
Pandemonium: Depths:1 Depths:2 Depths:3
Ziggurat: Depths:1

Annotations:
Spider:1 exclusion: worm


Innate Abilities, Weirdness & Mutations

You are immune to sickness and miasma.
You are immune to poison.
Your flesh is very heat resistant. (rF++)
You are vulnerable to cold. (rC-)
You float through the air rather than walking.
You learn spells naturally, not from books.
Your magical power is your life essence.
You have superior vitality. (+4 HP)
You are completely covered in iridescent scales. (AC +6)
You are very dopey. (Int -4)
A frigid envelope surrounds you and freezes all who hurt you.
Potions are less effective at restoring your health.
You expend health (3 HP) to strengthen your wands.


Message History

The green draconian monk is very cold.
The green draconian monk seems to slow down.
The green draconian monk is moderately wounded.
The green draconian monk tail-slaps you but does no damage.
The green draconian monk is very cold.
The green draconian monk is moderately wounded.
The black draconian knight breathes lightning at you.
The bolt of lightning hits you!!!
* * * LOW HITPOINT WARNING * * *
The green draconian monk hits you but does no damage.
The green draconian monk is very cold.
The green draconian monk is moderately wounded.
You block the green draconian monk's attack.
The green draconian monk tail-slaps you.
* * * LOW HITPOINT WARNING * * *
The green draconian monk is very cold.
The green draconian monk seems to slow down.
The green draconian monk is moderately wounded.
The green draconian monk barely misses you.
The black draconian knight hits you from afar with a +2 bardiche of pain!
* * * LOW HITPOINT WARNING * * *
As you read the scroll of fear, it crumbles to dust.
You assume a fearsome visage.
The Orb Guardian resists with some effort.
The green draconian monk looks frightened!
The black draconian knight looks frightened!
The yellow draconian looks frightened! x2
The black draconian looks frightened!
The winds around you calm down.
Cornered, the black draconian knight turns to fight!
The black draconian knight casts a spell at you.
The shard of ice hits you!! You partially resist.
* * * LOW HITPOINT WARNING * * *
Your system partially rejects the healing.
You feel much better.
The black draconian knight breathes lightning at you.
The bolt of lightning hits you!
* * * LOW HITPOINT WARNING * * *
The bolt of lightning hits you!!
You die...

,,,,,,,,,,,^,,,,,** #......{.dd.
,,,,,,,,,,,,,,,,** ##{....qd{...
*,,,,,^,,,,,,,,** #{{...{{{dd..
****############▓▓▓▓########{####
*,#......#.########.#####{.##..
***,#......#....q####.##{{{X°##.≈
..,,#......#.###.####d##d###○.+.≈
.#**#......#...°..qX..dd{###.##.≈
.# #......#####@#######.###☼##..
.# ###'########.#######'###°####
.######.####.^...###......##..,,*
.######......#######......+...,,*
.######†####.#######......##.#***
(##......###.#######......##.*
....####.###.......'......##,* *
###+####'###########......#*,* *
.#.......<#############+###*,****


You could see a green draconian monk (fleeing, slow), a black draconian knight
(fast, invisible, poisoned, catching breath), a black draconian (fleeing), a
yellow draconian (fleeing), a white draconian and an Orb Guardian.

Vanquished Creatures
  the Royal Jelly (Slime:5)
  3 ancient liches (Vaults:5)
  2 juggernauts (Depths:3)
  Geryon (Hell)
  A curse toe (Zot:2)
  8 golden dragons
  A profane servitor (Crypt:3)
  A shard shrike zombie (Crypt:3)
  A bone dragon (Crypt:3)
  A Hell Sentinel (Depths:3)
  Jorgrun (D:13)
  14 tentacled monstrosities
  2 deep elf blademasters
  2 liches (Depths:3)
  3 Orb Guardians (Zot:5)
  3 titans (Vaults:5)
  Asterion (Vaults:1)
  5 searing wretches (Hell)
  4 ancient champions
  2 quicksilver dragons
  8 death cobs
  16 acid blobs
  7 sphinxes (Vaults:5)
  5 shadow dragons
  5 thorn hunters
  7 eldritch tentacles
  5 tengu reavers (Vaults:5)
  13 storm dragons
  5 draconian monks
  Kirke (Lair:4)
  3 revenants
  9 rockslimes
  A daeva (Depths:1)
  8 fire giants
  2 draconian knights (Zot:2)
  13 azure jellies
  A fenstrider witch (Swamp:4)
  6 frost giants
  9 vault wardens
  3 deep elf sorcerers
  4 orc warlords
  4 iron dragons
  4 emperor scorpions
  2 balrugs
  The ghost of Xitiatz the Fiendish, a journeyman DDFi of Makhleb (Spider:3)
  2 angels (Depths:1)
  7 ghost moths
  3 draconian scorchers
  7 ironbound preservers
  2 curse skulls
  A draconian stormcaller (Zot:2)
  4 draconian shifters
  A deep elf elementalist (Elf:3)
  5 ghouls
  2 draconian annihilators
  9 quicksilver oozes
  3 war gargoyles
  7 stone giants
  6 reapers
  9 very ugly things
  2 spriggan defenders
  8 vampire knights
  3 deep elf demonologists
  4 green draconians
  2 lorocyprocas (Hell)
  3 black draconians
  3 deep elf annihilators
  3 putrid mouths (Hell)
  4 entropy weavers
  The ghost of Tenar the Fighter, a journeyman DsEE of Gozag (Lair:4)
  A dire elephant (Vaults:3)
  4 yellow draconians
  3 red draconians
  4 white draconians
  A minotaur (Gauntlet)
  6 purple draconians
  5 spark wasps
  4 bunyips
  The ghost of ThreePoint314 the Cleaver, a journeyman HOFi of the Shining One (D:12)
  A crystal guardian (Vaults:4)
  A blizzard demon (Depths:2)
  Snorg (D:11)
  3 deep elf death magi
  2 iron golems (Hell)
  9 ettins
  A quicksilver dragon zombie (Hell)
  9 eleionomae
  6 eidola
  A merfolk impaler (Depths:3)
  6 yaktaur captains
  7 shambling mangroves
  16 jiangshi
  Josephine (D:12)
  3 deep elf high priests (Vaults:5)
  5 fire dragons
  6 great orbs of eyes
  4 rakshasas (Depths:4)
  2 boulder beetles
  5 ice dragons
  8 hydras
  A fenstrider witch zombie (Hell)
  4 ironbound thunderhulks
  26 vault guards
  A peacekeeper (Vaults:4)
  2 ghost crabs
  3 ogre magi
  2 catoblepae
  A juggernaut simulacrum (Crypt:3)
  A spriggan air mage (Depths:3)
  4 death knights
  An alligator (shapeshifter) (Vaults:4)
  4 centaur warriors
  2 alligators
  7 dancing weapons
  3 deep troll earth magi
  4 ironbound frosthearts
  4 two-headed ogres
  A stoker (Hell)
  A deep troll shaman (Depths:4)
  5 death yaks (Lair:4)
  5 vampire magi
  3 tengu warriors
  A titan zombie (Hell)
  4 orc high priests (Orc:2)
  7 hell knights
  A thrashing horror (Abyss:3)
  3 spriggan berserkers
  3 deep elf knights (Elf:1)
  6 soul eaters
  2 spriggans
  7 sun demons (Hell)
  2 fire crabs (D:10)
  2 storm dragon zombies
  6 iron trolls
  A titan skeleton (Crypt:1)
  A bunyip zombie (Swamp:4)
  A quicksilver dragon simulacrum (Hell)
  3 shadow wraiths
  The ghost of t4s4d4r the Martial Artist, a novice DgTm (D:7)
  A goliath frog (shapeshifter) (Vaults:5)
  A wretched star (Abyss:3)
  2 death drakes
  2 sixfirhies (Hell)
  36 skeletal warriors
  2 goliath frogs
  3 glowing orange brains
  A shadow demon (Hell)
  A storm dragon skeleton (Hell)
  35 deep trolls
  4 swamp dragons
  2 lindwurms
  5 flayed ghosts
  4 deep elf archers
  4 spriggan druids
  3 anaconda zombies
  12 ironbound convokers
  8 wizards
  7 phantasmal warriors
  An anaconda skeleton (Hell)
  7 deep elf zephyrmancers
  A bog body (Swamp:4)
  11 orc knights
  2 bunyip skeletons
  9 necromancers
  15 ugly things
  A sphinx zombie (Depths:3)
  3 harpies (Vaults:4)
  9 orb spiders
  9 deep elf pyromancers
  2 oklob plants (Swamp:2)
  2 shining eyes
  6 cyclopes
  A frost giant zombie (Depths:3)
  6 orc sorcerers
  26 wolf spiders
  A salamander (Depths:1)
  A manticore (D:14)
  2 will-o-the-wisps
  A mana viper (shapeshifter) (Vaults:5)
  A salamander (shapeshifter) (D:14)
  A dire elephant zombie (Crypt:2)
  3 elephants (Lair:6)
  3 black mambas
  9 cane toads
  18 moths of wrath
  The ghost of Finra the Cleaver, a novice HOBe of Trog (D:4)
  5 torpor snails (Lair:6)
  The ghost of Stil the Arsonist, a novice DEFE (D:6)
  6 vault sentinels
  6 rust devils (Hell)
  4 eyes of devastation
  2 ice statues (IceCv)
  Maggie (D:9)
  A spriggan skeleton (Hell)
  An unseen horror (D:10)
  A smoke demon (Depths:3)
  5 rime drakes
  2 orange demons (Swamp:4)
  A black draconian zombie (Crypt:1)
  A torpor snail (shapeshifter) (Vaults:5)
  10 demonic crawlers
  8 yaktaurs
  A kobold demonologist (D:13)
  A storm dragon simulacrum (Crypt:3)
  2 sea snake zombies (Hell)
  11 komodo dragons
  5 freezing wraiths
  A human zombie (Vaults:2)
  8 ice devils (Hell)
  2 tengu conjurers
  A rime drake (shapeshifter) (D:14)
  A sea snake skeleton (Crypt:2)
  2 bloated husks
  A red devil (Hell)
  4 trolls
  A harpy zombie (Hell)
  2 meliai (Spider:3)
  18 jumping spiders
  Grinder (D:6)
  2 hydra zombies
  3 polar bears
  19 hornets
  6 tyrant leeches
  Prince Ribbit (D:9)
  67 slime creatures
  A snapping turtle (shapeshifter) (Vaults:5)
  2 raiju (shapeshifter)
  A fire giant simulacrum (Vaults:1)
  22 blink frogs
  A meliai zombie (D:11)
  An alligator zombie (Swamp:4)
  Sigmund (D:2)
  3 air elementals
  A water elemental (Hell)
  A ynoxinul (Depths:3)
  54 flying skulls
  A centaur simulacrum (Hell)
  An ettin skeleton (Crypt:1)
  45 redbacks
  4 shadows (Crypt:3)
  17 tarantellas
  4 wyverns
  4 vampires
  2 fire elementals
  2 hogs (Lair:4)
  63 yaks
  13 wraiths
  6 basilisks
  A fire bat (D:10)
  2 steam dragons
  11 golden eyes
  2 chaos spawn (Depths:3)
  A neqoxec (Depths:2)
  3 vampire mosquitoes (D:15)
  4 wargs
  4 swamp worms
  An acid dragon (D:8)
  7 water moccasins
  2 demonic crawler simulacra (IceCv)
  7 hell hounds
  3 floating eyes
  A water nymph skeleton (Crypt:2)
  28 orc warriors
  2 swamp drakes (Swamp:3)
  A manticore zombie (Crypt:2)
  An ice beast (D:8)
  5 ugly thing simulacra (IceCv)
  3 wolves (Lair:3)
  3 elephant zombies (Lair:5)
  2 sky beasts
  A black mamba simulacrum (Hell)
  6 ogres
  7 centaurs
  5 necrophages
  5 small abominations
  2 phantoms
  A fire crab zombie (Crypt:2)
  2 komodo dragon zombies (Lair:5)
  5 kobold brigands
  2 wyvern zombies (D:8)
  11 bullfrogs
  A glowing shapeshifter simulacrum (IceCv)
  A palentonga skeleton (Crypt:2)
  2 scorpions
  An ogre simulacrum (Vaults:1)
  2 earth elementals
  A wyvern skeleton (D:7)
  13 killer bees
  6 wights
  A yak skeleton (Crypt:1)
  A troll skeleton (Crypt:1)
  8 electric eels
  A howler monkey (D:5)
  A bullfrog zombie (D:6)
  5 centaur zombies
  3 starcursed masses (D:15)
  A bullfrog skeleton (D:7)
  2 hounds
  17 orc priests
  6 jellies
  A centaur skeleton (D:6)
  5 iguanas
  Natasha (thrice) (D:2)
  14 orc wizards
  A killer bee zombie (D:6)
  2 hound zombies
  2 howler monkey zombies
  A gnoll (D:8)
  7 adders
  A shadow imp (D:5)
  A white imp (D:8)
  An adder zombie (D:5)
  5 worms
  13 dart slugs
  90 orcs
  6 endoplasms
  3 giant cockroaches
  6 goblins
  3 hobgoblins
  A jackal (D:2)
  8 kobolds
  2 ball pythons
  A ball python skeleton (Crypt:1)
  A ball python zombie (Crypt:2)
  3 bats
  6 frilled lizards
  An orc zombie (Crypt:1)
  4 rats
  4 bushes
  A creeping inferno (Hell)
  12 fire vortices (Hell)
  A fulminant prism (IceCv)
  2 fungi (Crypt:2)
1738 creatures vanquished.

Vanquished Creatures (collateral kills)
  An ancient lich (Vaults:5)
  Saint Roka (Vaults:1)
  A bone dragon (Hell)
  2 tentacled monstrosities
  The ghost of kMk the Eclecticist, an adept DjFE of Ashenzari (Vaults:1)
  A Cloud Mage (WizLab)
  4 liches
  2 searing wretches (Hell)
  2 acid blobs
  A titan (Vaults:5)
  A death cob (Zot:2)
  2 sphinxes (Vaults:3)
  A deep elf master archer (Elf:3)
  2 eldritch tentacles
  2 thorn hunters
  A tengu reaver (Vaults:4)
  2 draconian monks
  2 rockslimes
  4 azure jellies
  3 frost giants
  3 fenstrider witches (Swamp:4)
  A fire giant (Vaults:5)
  2 ghost moths (Spider:4)
  An iron dragon (Vaults:5)
  Aizul (Vaults:1)
  5 deep elf sorcerers (Elf:3)
  A juggernaut zombie (Crypt:2)
  An orc warlord (Vaults:2)
  10 vault wardens
  Louise (Swamp:4)
  A cacodemon (Hell)
  2 draconian shifters
  3 emperor scorpions
  A draconian scorcher (Zot:2)
  4 deep elf elementalists (Elf:3)
  A draconian annihilator (Zot:2)
  A draconian stormcaller (Zot:3)
  12 very ugly things
  12 ironbound preservers
  A war gargoyle (Vaults:2)
  3 spriggan defenders
  A reaper (Hell)
  4 quicksilver oozes
  A very ugly thing (shapeshifter) (Depths:2)
  7 stone giants
  4 black draconians
  5 deep elf demonologists
  2 deep elf annihilators (Elf:3)
  Azrael (Elf:2)
  A yellow draconian (Zot:3)
  A purple draconian (Zot:3)
  3 dire elephants (Vaults:2)
  5 spark wasps
  A red draconian (Zot:2)
  2 entropy weavers
  A crystal guardian (Vaults:2)
  2 ettins
  A jiangshi (Crypt:1)
  A green death (Swamp:4)
  3 blizzard demons (WizLab)
  An eleionoma (Swamp:2)
  4 deep elf death magi (Elf:3)
  8 fire dragons
  An eidolon (Vaults:2)
  6 yaktaur captains
  6 deep elf high priests (Elf:3)
  4 rakshasas (Depths:4)
  An ice dragon (Depths:1)
  4 great orbs of eyes
  2 ironbound thunderhulks
  A shambling mangrove (Swamp:1)
  An ogre mage (Vaults:5)
  A peacekeeper (Vaults:2)
  6 ironbound frosthearts
  6 spriggan air magi
  5 ghost crabs
  A boulder beetle (Spider:2)
  2 two-headed ogres (D:12)
  A vault guard (Vaults:4)
  5 hydras
  A spectral shadow dragon (Vaults:1)
  A two-headed ogre (shapeshifter) (D:15)
  A spectral frost giant (Vaults:1)
  3 centaur warriors
  22 dancing weapons
  6 deep troll earth magi
  9 alligators
  2 deep troll shamans (Depths:3)
  An orc high priest (Elf:2)
  2 tengu warriors
  A spriggan berserker (Depths:4)
  A soul eater (Hell)
  A spectral storm dragon (Vaults:1)
  9 hell knights
  4 shock serpents (WizLab)
  17 spriggans
  13 deep elf knights
  A shadow wraith (Crypt:3)
  4 skeletal warriors
  2 iron trolls
  3 sun demons
  2 sixfirhies
  3 death drakes (WizLab)
  33 deep trolls
  3 goliath frogs
  5 spriggan druids
  A bog body (Swamp:1)
  2 spectral humans (Vaults:1)
  2 glowing orange brains
  6 wizards
  2 swamp dragons
  5 lindwurms
  7 deep elf archers
  4 necromancers
  A harpy (Vaults:4)
  An anaconda skeleton (Hell)
  9 ironbound convokers
  8 orc knights
  9 wolf spiders
  18 deep elf zephyrmancers
  8 orb spiders
  18 deep elf pyromancers
  A phantasmal warrior (Vaults:5)
  36 ugly things
  A cyclops (D:15)
  A faun (shapeshifter) (Vaults:4)
  An orc sorcerer (Swamp:4)
  11 shining eyes
  3 will-o-the-wisps
  3 moths of wrath
  A manticore (shapeshifter) (Slime:3)
  An ice statue (Hell)
  A human skeleton (Vaults:2)
  4 vault sentinels
  2 rust devils
  3 orange demons
  4 apocalypse crabs (WizLab)
  5 eyes of devastation
  2 smoke demons
  A torpor snail (shapeshifter) (Depths:4)
  A kobold demonologist (Depths:3)
  An entropy weaver simulacrum (IceCv)
  A titan simulacrum (Depths:3)
  3 demonic crawlers
  A hellwing (Swamp:4)
  A tengu conjurer (D:15)
  A freezing wraith (Vaults:5)
  6 yaktaurs
  A hydra zombie (Hell)
  2 queen bees
  A yaktaur skeleton (Vaults:2)
  A jumping spider (shapeshifter) (Depths:4)
  A troll (Orc:1)
  A meliai (Spider:3)
  12 jumping spiders
  5 wind drakes (WizLab)
  4 tyrant leeches
  A raiju (Gauntlet)
  23 hornets
  An alligator zombie (Hell)
  47 slime creatures
  A sphinx simulacrum (Vaults:1)
  A stone giant simulacrum (Vaults:1)
  26 redbacks
  4 water elementals
  A vampire (D:12)
  10 air elementals
  4 ynoxinuls
  3 wraiths
  10 tarantellas
  An elf simulacrum (Vaults:1)
  2 steam dragons (Gauntlet)
  9 golden eyes
  A neqoxec (Swamp:4)
  3 chaos spawn
  2 human simulacra (Vaults:1)
  A warg (Elf:2)
  2 demonic crawler simulacra (IceCv)
  11 swamp worms
  3 hell hounds (Elf:2)
  A floating eye (D:12)
  A floating eye (shapeshifter) (Depths:4)
  4 swamp drakes
  8 orc warriors
  A human zombie (Vaults:2)
  3 ugly thing simulacra (IceCv)
  An ogre (Orc:2)
  A boggart (Vaults:3)
  4 centaurs (D:11)
  2 kobold brigands (Depths:3)
  An earth elemental (Elf:2)
  A glowing shapeshifter simulacrum (IceCv)
  An electric eel (Elf:3)
  4 orc priests
  5 orc wizards
  14 orcs
809 creatures vanquished.

Vanquished Creatures (others)
  210 eldritch tentacles
  A deep elf elementalist (Elf:3)
  2 deep trolls (Vaults:3)
  A lindwurm (Vaults:3)
  A bloated husk (Swamp:3)
  A slime creature (Slime:2)
  An alligator zombie (Swamp:4)
  A water elemental (Elf:2)
  2 humans (Lair:4)
  A chaos spawn (Swamp:4)
  A hydra simulacrum (Swamp:4)
  2 boggarts (Vaults:3)
  An iguana (Lair:4)
  3 briar patches (Swamp:4)
  14 demonic plants (Gauntlet)
  2 foxfires (Swamp:1)
  628 fulminant prisms
  93 fungi
  119 plants
1084 creatures vanquished.

Grand Total: 3631 creatures vanquished

Notes
Turn   | Place    | Note
-------+----------+-------------------------------------------
     0 | D:1      | kMk the Djinni Conjurer began the quest for the Orb.
     0 | D:1      | Reached XP level 1. HP: 15/15 MP: 0/0
   383 | D:1      | Found a faded altar of an unknown god.
   396 | D:1      | Found a faded altar of an unknown god.
   726 | D:1      | Reached XP level 2. HP: 20/22 MP: 0/0
  1558 | D:2      | Reached skill level 1 in Fighting
  1962 | D:2      | Reached XP level 3. HP: 22/27 MP: 0/0
  1962 | D:2      | Learned a level 1 spell: Apportation
  2015 | D:2      | Noticed Sigmund
  2034 | D:2      | Killed Sigmund
  2035 | D:2      | Reached XP level 4. HP: 2/34 MP: 0/0
  2035 | D:2      | Reached XP level 5. HP: 2/39 MP: 0/0
  2035 | D:2      | Learned a level 2 spell: Corpse Rot
  2342 | D:2      | Reached XP level 6. HP: 44/45 MP: 0/0
  2645 | D:2      | Noticed Natasha
  2710 | D:2      | Killed Natasha
  2855 | D:2      | Noticed Natasha
  2862 | D:2      | Killed Natasha
  2863 | D:2      | Reached skill level 5 in Spellcasting
  3182 | D:2      | Noticed Natasha
  3187 | D:2      | Killed Natasha
  3521 | D:3      | Found a sacrificial altar of Ru.
  3535 | D:3      | Found an ornate altar of the Wu Jian Council.
  3561 | D:3      | Found a broken altar of Ashenzari.
  3565 | D:3      | Became a worshipper of Ashenzari the Shackled
  3575 | D:3      | Found a glowing silver altar of Zin.
  3793 | D:3      | Reached XP level 7. HP: 22/50 MP: 0/0
  3793 | D:3      | Learned a level 3 spell: Portal Projectile
  3966 | D:3      | Found a faded altar of an unknown god.
  4511 | D:3      | Found Hest's Assorted Antiques.
  4541 | D:3      | Found a sparkling altar of Nemelex Xobeh.
  5107 | D:4      | Reached XP level 8. HP: 41/59 MP: 0/0
  5285 | D:4      | Identified the +1 leather armour "Suniest" {Contam Int+5}
  5780 | D:4      | Found a runed translucent door.
  5784 | D:4      | Noticed Finra's ghost (novice HOBe)
  5787 | D:4      | Identified the +1 ring mail "Roinol" {rF++ Dex+3 Slay-3}
  6010 | D:5      | Entered Level 5 of the Dungeon
  6039 | D:5      | Reached skill level 5 in Fighting
  6407 | D:4      | Reached * piety under Ashenzari
  6408 | D:4      | Acquired 1096 gold pieces
  7365 | D:5      | Reached ** piety under Ashenzari
  7506 | D:5      | Found a staircase to the Ecumenical Temple.
  7512 | Temple   | Entered the Ecumenical Temple
  8003 | D:6      | Noticed Grinder
  8009 | D:6      | Killed Grinder
  8010 | D:6      | Reached XP level 9. HP: 63/70 MP: 0/0
  8010 | D:6      | Learned a level 3 spell: Tukima's Dance
  8204 | D:6      | Found Uveash's Jewellery Boutique.
  8312 | D:6      | Reached *** piety under Ashenzari
  8372 | D:6      | Noticed a two-headed ogre
  8387 | D:6      | Killed a two-headed ogre
  8687 | D:6      | Found a runed translucent door.
  8697 | D:6      | Reached XP level 10. HP: 75/83 MP: 0/0
  8913 | D:6      | Noticed Stil's ghost (novice DEFE)
  9773 | D:7      | Reached **** piety under Ashenzari
  9847 | D:7      | Found a runed translucent door.
  9852 | D:7      | Noticed t4s4d4r's ghost (novice DgTm)
  9950 | D:7      | Found a glowing golden altar of the Shining One.
 10273 | D:8      | Found a stormy altar of Qazlal.
 10591 | D:8      | Reached skill level 10 in Spellcasting
 10601 | D:8      | Noticed a tengu warrior
 10612 | D:8      | Killed a tengu warrior
 10656 | D:8      | Reached XP level 11. HP: 57/94 MP: 0/0
 10656 | D:8      | Learned a level 4 spell: Passage of Golubria
 10968 | D:8      | Reached ***** piety under Ashenzari
 11381 | D:8      | Noticed a cyclops
 11390 | D:8      | Killed a cyclops
 11888 | D:4      | Killed Finra's ghost
 12056 | D:6      | Killed Stil's ghost
 12407 | D:9      | Reached skill level 10 in Fighting
 12483 | D:9      | Found Komocoum's General Store.
 12487 | D:9      | Bought a staff of conjuration for 375 gold pieces
 12719 | D:9      | Found Quthrach's Magic Scroll Shop.
 12781 | D:9      | Bought a scroll of acquirement for 884 gold pieces
 12781 | D:9      | Acquired 694 gold pieces
 12835 | D:9      | Noticed Prince Ribbit
 12849 | D:9      | Killed Prince Ribbit
 12850 | D:9      | Noticed Maggie
 12853 | D:9      | Killed Maggie
 13012 | D:9      | Found Ynuasseu's Magic Scroll Shop.
 13082 | D:9      | Found a staircase to the Lair.
 13154 | D:9      | Found Lucistri's General Store.
 13161 | D:9      | Bought a potion of heal wounds for 85 gold pieces
 13493 | D:9      | Acquired 705 gold pieces
 13663 | D:10     | Entered Level 10 of the Dungeon
 13664 | D:10     | Found a transporter.
 13666 | D:10     | Noticed a fire crab
 13671 | D:10     | Found a blossoming altar of Fedhas.
 13718 | D:10     | Reached XP level 12. HP: 92/101 MP: 0/0
 13745 | D:10     | Noticed a two-headed ogre
 13750 | D:10     | Killed a two-headed ogre
 14033 | D:10     | Found a transporter.
 14596 | D:10     | Found a shimmering altar of Xom.
 14607 | D:10     | Noticed a fire crab
 15178 | D:7      | Killed t4s4d4r's ghost
 15355 | Lair:1   | Entered Level 1 of the Lair of Beasts
 15659 | Lair:1   | Noticed a five-headed hydra
 15665 | Lair:1   | Killed a five-headed hydra
 16627 | Lair:2   | Noticed a boulder beetle
 16635 | Lair:2   | Killed a boulder beetle
 17589 | Lair:3   | Reached XP level 13. HP: 104/111 MP: 0/0
 17589 | Lair:3   | Learned a level 5 spell: Irradiate
 17600 | Lair:3   | Reached skill level 1 in Armour
 17600 | Lair:3   | Reached skill level 1 in Shields
 18495 | Lair:3   | Found an iron altar of Okawaru.
 18496 | Lair:3   | Identified the +1 pair of boots "Voapnats" {Fly Str-3 Int+6
                  | Stlth+}
 19108 | Lair:4   | Noticed Kirke
 19112 | Lair:4   | Killed Kirke
 19147 | Lair:4   | Reached skill level 5 in Dodging
 19423 | Lair:4   | Found a staircase to the Swamp.
 19473 | Lair:4   | Identified the +0 leather armour of Glamorous Amelioration
                  | {Will- Regen+ Str+5}
 19484 | Lair:4   | Noticed a catoblepas
 19492 | Lair:4   | Killed a catoblepas
 19531 | Lair:4   | Found a large runed translucent door.
 19531 | Lair:4   | Found a large runed translucent door.
 19532 | Lair:4   | Noticed Tenar's ghost (journeyman DsEE)
 19578 | Lair:4   | Found a hole to the Spider Nest.
 20101 | Lair:5   | Reached XP level 14. HP: 103/119 MP: 0/0
 20412 | Lair:5   | Reached skill level 5 in Armour
 21814 | Lair:6   | Entered Level 6 of the Lair of Beasts
 22098 | Lair:6   | Identified the +4 scale mail of Bitterness {Int+4}
 22780 | Lair:6   | Found a runed translucent door.
 22780 | Lair:6   | Found a viscous altar of Jiyva.
 22781 | Lair:6   | Found a staircase to the Slime Pits.
 22781 | Lair:6   | Noticed an acid blob
 22966 | Lair:6   | Found a runed translucent door.
 24122 | Lair:4   | Killed Tenar's ghost
 24123 | Lair:4   | Reached skill level 15 in Spellcasting
 24572 | D:10     | Reached XP level 15. HP: 78/124 MP: 0/0
 24572 | D:10     | Learned a level 6 spell: Summon Cactus Giant
 24851 | D:11     | Noticed Snorg
 24854 | D:11     | Killed Snorg
 25083 | D:11     | Found a frozen archway.
 25107 | IceCv    | Entered an ice cave
 25602 | IceCv    | Noticed a quicksilver ooze
 25609 | IceCv    | Killed a quicksilver ooze
 25671 | IceCv    | Noticed a quicksilver ooze
 25674 | IceCv    | Killed a quicksilver ooze
 26234 | IceCv    | Found a viscous altar of Jiyva.
 26235 | IceCv    | Noticed an azure jelly
 26236 | IceCv    | Noticed a quicksilver ooze
 26243 | IceCv    | Killed a quicksilver ooze
 26247 | IceCv    | Killed an azure jelly
 26323 | IceCv    | Identified the ring "Wivaezxe" {rC+ rN+}
 26521 | IceCv    | Identified the +3 ice dragon scales "Keyfecof" {Rampage rF-
                  | rC++ Will+ Str-3 SInv}
 27778 | D:12     | Found a gate leading to a gauntlet.
 27786 | Gauntlet | Entered a Gauntlet
 27786 | Gauntlet | Found a transporter.
 27799 | Gauntlet | Found a transporter.
 27810 | Gauntlet | Found a transporter.
 27815 | Gauntlet | Found a transporter.
 27834 | Gauntlet | Found a transporter.
 27852 | Gauntlet | Found a transporter.
 27864 | Gauntlet | Found a transporter.
 27868 | Gauntlet | Noticed a quicksilver ooze
 27876 | Gauntlet | Found a transporter.
 27882 | Gauntlet | Found a transporter.
 27882 | Gauntlet | Found a transporter.
 27893 | Gauntlet | Found a large runed translucent door.
 27894 | Gauntlet | Found a large runed translucent door.
 27895 | Gauntlet | Found a large runed translucent door.
 27895 | Gauntlet | Found a large runed translucent door.
 27896 | Gauntlet | Found a runed translucent gate.
 27897 | Gauntlet | Found a transporter.
 27897 | Gauntlet | Found a runed translucent gate.
 27898 | Gauntlet | Found a runed translucent gate.
 27899 | Gauntlet | Found a large runed translucent door.
 27899 | Gauntlet | Found a large runed translucent door.
 27900 | Gauntlet | Found a large runed translucent door.
 27901 | Gauntlet | Found a large runed translucent door.
 27909 | Gauntlet | Found a transporter.
 27926 | Gauntlet | Found a transporter.
 27940 | Gauntlet | Found a large runed translucent door.
 27941 | Gauntlet | Found a large runed translucent door.
 27942 | Gauntlet | Found a large runed translucent door.
 27942 | Gauntlet | Found a large runed translucent door.
 27943 | Gauntlet | Found a runed translucent door.
 27944 | Gauntlet | Found a transporter.
 27945 | Gauntlet | Found a runed translucent door.
 27946 | Gauntlet | Found a large runed translucent door.
 27946 | Gauntlet | Found a transporter.
 27946 | Gauntlet | Found a large runed translucent door.
 27947 | Gauntlet | Found a large runed translucent door.
 27971 | Gauntlet | Found a transporter.
 27973 | Gauntlet | Found a transporter.
 27993 | Gauntlet | Found a transporter.
 28103 | Gauntlet | Found a large runed translucent door.
 28755 | D:12     | Identified the +4 rapier "Xeceno Inka" {spect, rElec Will-
                  | Dex+3}
 28818 | D:12     | Found a runed translucent gate.
 28830 | D:12     | Found a runed translucent gate.
 28831 | D:12     | Noticed an azure jelly
 28832 | D:12     | Found a runed translucent gate.
 28832 | D:12     | Noticed an azure jelly
 28832 | D:12     | Noticed an azure jelly
 28867 | D:12     | Noticed an acid blob
 28869 | D:12     | Noticed ThreePoint314's ghost (journeyman HOFi)
 29103 | D:12     | Noticed Josephine
 29134 | D:12     | Killed Josephine
 29303 | D:12     | Found a staircase to the Orcish Mines.
 29382 | D:12     | Found Imaesm's Antique Weapon Shoppe.
 30016 | D:12     | Found a viscous altar of Jiyva.
 30330 | Lair:6   | Killed an acid blob
 30596 | Orc:1    | Entered Level 1 of the Orcish Mines
 30827 | Orc:2    | Entered Level 2 of the Orcish Mines
 31292 | Orc:2    | Reached XP level 16. HP: 118/132 MP: 0/0
 31382 | Orc:2    | Found Ollini's General Store.
 31467 | Orc:2    | Found Bufuac's Antique Weapon Emporium.
 31483 | Orc:2    | Found Jasi's Self-Improvement Boutique.
 31721 | Orc:2    | Found Baenuac's Jewellery Boutique.
 31757 | Orc:2    | Found a staircase to the Elven Halls.
 31838 | Orc:2    | Found Picket's Distillery.
 31846 | Orc:2    | Bought a potion of heal wounds for 80 gold pieces
 31850 | Orc:2    | Found Koogg's Antique Armour Emporium.
 31858 | Orc:2    | Bought a ripped robe for 216 gold pieces
 31858 | Orc:2    | Identified the +0 robe of the Butcher {Int+2} (You bought
                  | it in a shop on level 2 of the Orcish Mines)
 32113 | Orc:1    | Found Sedgh's Distillery.
 32138 | Orc:1    | Bought a potion of mutation for 96 gold pieces
 32138 | Orc:1    | Bought a potion of heal wounds for 60 gold pieces
 32138 | Orc:1    | Bought a potion of cancellation for 96 gold pieces
 32496 | Orc:2    | Bought a potion of cancellation for 128 gold pieces
 32763 | D:3      | Bought a scroll of summoning for 237 gold pieces
 32763 | D:3      | Bought a potion of mutation for 200 gold pieces
 32763 | D:3      | Bought a scroll of teleportation for 75 gold pieces
 33098 | D:9      | Bought a scroll of teleportation for 51 gold pieces
 33098 | D:9      | Bought a scroll of fog for 34 gold pieces
 33098 | D:9      | Bought a scroll of teleportation for 51 gold pieces
 33121 | D:9      | Bought a scroll of enchant weapon for 127 gold pieces
 33121 | D:9      | Bought a scroll of teleportation for 51 gold pieces
 33572 | D:12     | Killed ThreePoint314's ghost
 33586 | D:12     | Killed an acid blob
 33592 | D:12     | Killed an azure jelly
 33823 | D:12     | Killed an azure jelly
 33824 | D:12     | Reached skill level 10 in Dodging
 33839 | D:12     | Killed an azure jelly
 33910 | D:12     | Paralysed by a floating eye for 2 turns
 34540 | D:13     | Noticed Jorgrun
 34549 | D:13     | Killed Jorgrun
 35012 | D:13     | Found Esydueh's Armour Shop.
 35894 | D:14     | Reached skill level 15 in Fighting
 36131 | D:14     | Found a gate to the Vaults.
 36474 | D:15     | Entered Level 15 of the Dungeon
 36631 | D:15     | Cast into level 3 of the Abyss (a wizard)
 36650 | Abyss:3  | Lost strength.
 36728 | D:15     | Escaped the Abyss
 36749 | D:15     | Reached XP level 17. HP: 49/118 MP: 0/0
 36749 | D:15     | Learned a level 6 spell: Simulacrum
 37082 | D:15     | Reached skill level 10 in Armour
 37477 | D:15     | Identified the +6 falchion of the Howling Soothsayer
                  | {venom, rN+ Dex+3}
 37638 | D:15     | Found Peppeaf's Antique Weapon Shop.
 37860 | D:15     | Found a staircase to the Depths.
 38474 | Spider:1 | Entered Level 1 of the Spider Nest
 40832 | Spider:2 | Identified the +2 spear "Ygibiraq" {flame, *Noise Str+2
                  | Int+2}
 42279 | Spider:2 | Identified the ring of Qecen {Wiz rPois}
 43314 | Spider:3 | Reached XP level 18. HP: 134/151 MP: 0/0
 43630 | Spider:3 | Identified Foureuhi's Grimoire of Evil
 43794 | Spider:3 | Found a runed translucent gate.
 43794 | Spider:3 | Found a runed translucent gate.
 43794 | Spider:3 | Found a runed translucent gate.
 43795 | Spider:3 | Noticed Xitiatz's ghost (journeyman DDFi)
 43993 | Spider:3 | Killed Xitiatz's ghost
 44130 | Spider:4 | Entered Level 4 of the Spider Nest
 44973 | Spider:4 | Got a gossamer rune of Zot
 45748 | Vaults:1 | Entered Level 1 of the Vaults
 45816 | Vaults:1 | Noticed Asterion
 45828 | Vaults:1 | Killed Asterion
 45831 | Vaults:1 | Noticed Aizul
 45836 | Vaults:1 | Killed Aizul
 46111 | Vaults:1 | Reached XP level 19. HP: 118/159 MP: 0/0
 46111 | Vaults:1 | Learned a level 7 spell: Malign Gateway
 46694 | Vaults:1 | Noticed Saint Roka
 46733 | Vaults:1 | Killed Saint Roka
 47059 | Vaults:1 | Found a runed translucent gate.
 47059 | Vaults:1 | Found a runed translucent gate.
 47059 | Vaults:1 | Found a runed translucent gate.
 47060 | Vaults:1 | Noticed a lich
 47060 | Vaults:1 | Identified the +6 hand axe of the Realm of Zot {venom,
                  | *Noise rPois Int+9 Stlth+}
 47060 | Vaults:1 | Noticed kMk's ghost (adept DjFE)
 48067 | Vaults:1 | Killed kMk's ghost
 48248 | Vaults:1 | Killed a lich
 48249 | Vaults:1 | Killed a lich
 48597 | D:9      | Bought the +7 dagger "Lifebane" {flame, rElec Will+} for
                  | 873 gold pieces
 49068 | Vaults:2 | Reached skill level 2 in Shields
 50032 | Vaults:2 | Reached skill level 3 in Shields
 50554 | Vaults:2 | Found a staircase to the Crypt.
 50617 | Vaults:2 | Reached skill level 15 in Dodging
 50790 | Vaults:2 | Reached XP level 20. HP: 143/173 MP: 0/0
 50834 | Vaults:2 | Reached skill level 4 in Shields
 51993 | Vaults:3 | Reached skill level 5 in Shields
 52708 | Vaults:3 | Identified the +0 chain mail "Zeha Qaj" {Contam rC+++ Dex+3
                  | Slay+5}
 52919 | Vaults:3 | Reached skill level 6 in Shields
 54155 | Vaults:4 | Found a magical portal.
 54162 | WizLab   | Entered The Chambers of the Cloud Mage
 54276 | WizLab   | Paralysed by an air elemental for 1 turns
 54402 | WizLab   | Paralysed by an air elemental for 1 turns
 54404 | WizLab   | Reached XP level 21. HP: 168/187 MP: 0/0
 54404 | WizLab   | Learned a level 8 spell: Maxwell's Capacitive Coupling
 54490 | WizLab   | Identified the ring "Acoonask" {Will+ MP+9 SInv Stlth+}
 54769 | WizLab   | Reached skill level 7 in Shields
 54950 | WizLab   | Identified the Reference Book on the Birds
 54951 | WizLab   | Identified the ring "Hethrecu" {Fly Str+3 Int-2 Dex+4}
 55036 | WizLab   | Paralysed by an air elemental for 1 turns
 56099 | Vaults:4 | Reached skill level 15 in Armour
 56281 | Vaults:4 | Reached skill level 8 in Shields
 57436 | Swamp:1  | Entered Level 1 of the Swamp
 58136 | Swamp:2  | Identified the +10 trident of Itzyecasm {freeze, rCorr}
 58386 | Swamp:2  | Reached skill level 9 in Shields
 58458 | Swamp:2  | Reached XP level 22. HP: 121/191 MP: 0/0
 59091 | Swamp:3  | Reached ****** piety under Ashenzari
 59783 | Swamp:4  | Entered Level 4 of the Swamp
 60004 | Swamp:4  | Reached skill level 10 in Shields
 60400 | Swamp:4  | Noticed Louise
 60413 | Swamp:4  | Killed Louise
 60451 | Swamp:4  | Gained mutation: Armour fits poorly on your strangely
                  | shaped body. [a neqoxec]
 60881 | Swamp:4  | Got a decaying rune of Zot
 61494 | Elf:1    | Entered Level 1 of the Elven Halls
 61644 | Elf:1    | Reached skill level 5 in Stealth
 62022 | Elf:1    | Reached skill level 11 in Shields
 62691 | Elf:2    | Reached XP level 23. HP: 197/201 MP: 0/0
 62691 | Elf:2    | Learned a level 7 spell: Haunt
 62749 | Elf:2    | Paralysed by an air elemental for 1 turns
 63160 | Elf:2    | Noticed Azrael
 63203 | Elf:2    | Killed Azrael
 63438 | Elf:2    | Found a huge runed translucent gate.
 63438 | Elf:2    | Found a huge runed translucent gate.
 63438 | Elf:2    | Found a huge runed translucent gate.
 63438 | Elf:2    | Found a huge runed translucent gate.
 63439 | Elf:2    | Found a huge runed translucent gate.
 63492 | Elf:2    | Acquired 589 gold pieces
 63496 | Elf:2    | Acquired 405 gold pieces
 64545 | Elf:3    | Entered Level 3 of the Elven Halls
 64545 | Elf:3    | Found Gicuffur's Assorted Antiques.
 64551 | Elf:3    | Bought a scroll of teleportation for 90 gold pieces
 65233 | Elf:3    | Reached skill level 12 in Shields
 65270 | Elf:3    | Identified the +5 quarterstaff of Doom {vorpal, *Rage rC+
                  | Will+}
 65326 | Elf:3    | Found the +3 sling "Punk" {acid, rCorr}
 65629 | Elf:3    | Identified the +6 long sword "Asorit" {vorpal, rF- rC+
                  | Str+7 Dex+2}
 65636 | Elf:3    | Identified the +4 leather armour of Reaplu {+Inv rElec
                  | Stlth-}
 66967 | Depths:1 | Entered Level 1 of the Depths
 67040 | Depths:1 | Identified the +6 quarterstaff of the Genius {drain, Contam
                  | rN+++ Int-5 Stlth+}
 67047 | Depths:1 | Reached XP level 24. HP: 193/208 MP: 0/0
 67367 | Depths:1 | Found a one-way gate to the infinite horrors of the Abyss.
 67371 | Depths:1 | Found a one-way gate leading to the halls of Pandemonium.
 67469 | Depths:1 | Identified Sif Muna's Papyrus of Excruciating Curses
 67590 | Depths:1 | Found a gateway to Hell.
 67712 | Depths:1 | Found a gateway to a ziggurat.
 68469 | Depths:2 | Reached skill level 13 in Shields
 69137 | Depths:2 | Found an iron altar of Okawaru.
 70535 | Depths:3 | Found a transporter.
 70622 | Depths:3 | Paralysed by a floating eye for 4 turns
 70627 | Depths:3 | Noticed a juggernaut
 70628 | Depths:3 | Paralysed by a floating eye for 2 turns
 70636 | Depths:3 | Killed a juggernaut
 70789 | Depths:3 | Identified the ring "Yhutaola" {Fly Int+2 Dex+3}
 70837 | Depths:3 | Reached XP level 25. HP: 165/214 MP: 0/0
 70837 | Depths:3 | Learned a level 8 spell: Disjunction
 71096 | Depths:3 | Reached skill level 14 in Shields
 71699 | Depths:3 | Noticed a juggernaut
 71705 | Depths:3 | Killed a juggernaut
 71706 | Depths:3 | Reached skill level 10 in Stealth
 71715 | Depths:3 | Gained mutation: You are occasionally teleported next to
                  | monsters. [mutagenic glow]
 71726 | Depths:3 | Gained mutation: You are dopey. (Int -2) [mutagenic glow]
 71733 | Depths:3 | Gained mutation: Your spells are a little easier to cast,
                  | but a little less powerful. [mutagenic glow]
 71753 | Depths:3 | Gained mutation: Your body sometimes deteriorates upon
                  | taking damage. [mutagenic glow]
 71771 | Depths:3 | Gained mutation: You occasionally shout uncontrollably at
                  | your foes. [mutagenic glow]
 71837 | Depths:3 | Identified the amulet "Byschax" {Acrobat Fragile Fly rElec
                  | Stlth-}
 71839 | Depths:3 | Found a transporter.
 71857 | Depths:3 | Reached XP level 26. HP: 221/221 MP: 0/0
 71946 | Depths:3 | Lost mutation: You are dopey. (Int -2) [potion of mutation]
 71946 | Depths:3 | Lost mutation: You are occasionally teleported next to
                  | monsters. [potion of mutation]
 71946 | Depths:3 | Lost mutation: Your body sometimes deteriorates upon taking
                  | damage. [potion of mutation]
 71946 | Depths:3 | Gained mutation: You tend to lose your temper in combat.
                  | [potion of mutation]
 71946 | Depths:3 | Gained mutation: You often lose your temper in combat.
                  | [potion of mutation]
 71946 | Depths:3 | Gained mutation: You expend health (3 HP) to strengthen
                  | your wands. [potion of mutation]
 71947 | Depths:3 | Lost mutation: You often lose your temper in combat.
                  | [potion of mutation]
 71947 | Depths:3 | Lost mutation: Armour fits poorly on your strangely shaped
                  | body. [potion of mutation]
 71947 | Depths:3 | Gained mutation: You have sharp fingernails. [potion of
                  | mutation]
 71948 | Depths:3 | Lost mutation: You expend health (3 HP) to strengthen your
                  | wands. [potion of mutation]
 71948 | Depths:3 | Lost mutation: Your spells are a little easier to cast, but
                  | a little less powerful. [potion of mutation]
 71948 | Depths:3 | Lost mutation: You have sharp fingernails. [potion of
                  | mutation]
 71948 | Depths:3 | Gained mutation: You sometimes lose the ability to read
                  | scrolls when taking damage. [potion of mutation]
 71949 | Depths:3 | Lost mutation: You occasionally shout uncontrollably at
                  | your foes. [potion of mutation]
 71949 | Depths:3 | Lost mutation: You sometimes lose the ability to read
                  | scrolls when taking damage. [potion of mutation]
 71949 | Depths:3 | Lost mutation: You tend to lose your temper in combat.
                  | [potion of mutation]
 71949 | Depths:3 | Gained mutation: You tend to lose your temper in combat.
                  | [potion of mutation]
 71949 | Depths:3 | Gained mutation: Your flesh is almost immune to the effects
                  | of heat. (rF+++) [potion of mutation]
 71949 | Depths:3 | Gained mutation: You have hidden genetic potential. [potion
                  | of mutation]
 71949 | Depths:3 | Gained mutation: Your mind is acute. (Int +2) [potion of
                  | mutation]
 71950 | Depths:3 | Lost mutation: You have hidden genetic potential. [potion
                  | of mutation]
 71950 | Depths:3 | Lost mutation: You tend to lose your temper in combat.
                  | [potion of mutation]
 71950 | Depths:3 | Lost mutation: Your mind is acute. (Int +2) [potion of
                  | mutation]
 71950 | Depths:3 | Gained mutation: You are frail. (-10% HP) [potion of
                  | mutation]
 71951 | Depths:3 | Lost mutation: Your flesh is almost immune to the effects
                  | of heat. (rF+++) [potion of mutation]
 71951 | Depths:3 | Lost mutation: You are frail. (-10% HP) [potion of
                  | mutation]
 71951 | Depths:3 | Gained mutation: A frigid envelope surrounds you and
                  | freezes all who hurt you. [potion of mutation]
 71951 | Depths:3 | Gained mutation: Your muscles are strong. (Str +2) [potion
                  | of mutation]
 72191 | Depths:4 | Entered Level 4 of the Depths
 73168 | Depths:4 | Found a gate to the Realm of Zot.
 73923 | Slime:1  | Entered Level 1 of the Pits of Slime
 73944 | Slime:1  | Reached skill level 15 in Shields
 74381 | Slime:2  | HP: 7/221 [azure jelly (35)]
 74389 | Slime:1  | Gained mutation: Your body sometimes deteriorates upon
                  | taking damage. [a shining eye]
 76756 | Slime:4  | Reached XP level 27. HP: 202/228 MP: 0/0
 76756 | Slime:4  | Learned a level 9 spell: Polar Vortex
 76832 | Slime:4  | Gained mutation: Your flesh is almost immune to the effects
                  | of heat. (rF+++) [a shining eye]
 77232 | Slime:4  | Lost mutation: Your flesh is almost immune to the effects
                  | of heat. (rF+++) [potion of mutation]
 77232 | Slime:4  | Lost mutation: Your muscles are strong. (Str +2) [potion of
                  | mutation]
 77232 | Slime:4  | Gained mutation: You are partially covered in iridescent
                  | scales. (AC +2) [potion of mutation]
 77233 | Slime:4  | Lost mutation: Your body sometimes deteriorates upon taking
                  | damage. [potion of mutation]
 77233 | Slime:4  | Gained mutation: You are mostly covered in iridescent
                  | scales. (AC +4) [potion of mutation]
 77233 | Slime:4  | Gained mutation: You are completely covered in iridescent
                  | scales. (AC +6) [potion of mutation]
 77233 | Slime:4  | Gained mutation: You expend health (3 HP) to strengthen
                  | your wands. [potion of mutation]
 77346 | Slime:3  | Gained mutation: You are dopey. (Int -2) [a shining eye]
 77646 | Slime:5  | Entered Level 5 of the Pits of Slime
 77760 | Slime:5  | Noticed the Royal Jelly
 77765 | Slime:5  | Killed the Royal Jelly
 77771 | Slime:5  | Identified the +4 chain mail of Grottiness {Fly rElec
                  | Will+}
 77773 | Slime:5  | Identified the +1 pair of gloves of Pocaruz {Will+}
 77780 | Slime:5  | Identified the amulet of Neczavvu {RegenMP Will+ Regen+
                  | rCorr Slay+3}
 77783 | Slime:5  | Identified the +4 mace "Toykk" {pain, Fly rPois Dex+3
                  | Stlth-}
 77788 | Slime:5  | Identified the +6 hand crossbow "Zefos" {elec, Drain Will+
                  | Int+4 Stlth+}
 78153 | Slime:5  | Got a slimy rune of Zot
 78167 | Slime:5  | Acquired 1048 gold pieces
 78335 | Slime:5  | Gained mutation: Potions are less effective at restoring
                  | your health. [a shining eye]
 78336 | Slime:5  | Gained mutation: You are very dopey. (Int -4) [a shining
                  | eye]
 79014 | Vaults:5 | Entered Level 5 of the Vaults
 79019 | Vaults:5 | Reached skill level 16 in Shields
 79394 | Vaults:5 | Reached skill level 17 in Shields
 79420 | Vaults:5 | Noticed an ancient lich
 79431 | Vaults:5 | Noticed an ancient lich
 79435 | Vaults:5 | Identified the +11 dagger "Afrituqa" {vamp, Str-5 Int+4
                  | SInv}
 79829 | Vaults:5 | Identified the +1 robe of Xom's Pride {Regen+ MP-9 Int+10
                  | Stlth-}
 79921 | Vaults:5 | Killed an ancient lich
 80066 | Vaults:5 | Reached skill level 18 in Shields
 80074 | Vaults:5 | Killed an ancient lich
 80075 | Vaults:5 | Noticed an ancient lich
 80079 | Vaults:5 | Killed an ancient lich
 80089 | Vaults:5 | Noticed an ancient lich
 80093 | Vaults:5 | Killed an ancient lich
 80204 | Vaults:5 | Reached skill level 15 in Stealth
 80369 | Vaults:5 | Identified Sif Muna's Incunabulum of Unholy Magic
 80514 | Vaults:5 | Found Boafupt's Jewellery Boutique.
 80514 | Vaults:5 | Found Byufett's Antique Armour Boutique.
 80567 | Vaults:5 | Found Gegarphe's Armour Shop.
 80981 | Vaults:5 | Identified the Tome of Displaced Changing
 80985 | Vaults:5 | Identified the Compendium of the Ensnaring Traveller
 80986 | Vaults:5 | Identified the +1 quarterstaff of the Warrior-Mage {freeze,
                  | rF+ rCorr Dex+6}
 81001 | Vaults:5 | Got a silver rune of Zot
 81492 | Zot:1    | Entered Level 1 of the Realm of Zot
 82108 | Zot:1    | Reached skill level 19 in Shields
 82576 | Zot:2    | HP: 10/221 [death cob (22)]
 82579 | Zot:2    | Identified the +7 shortbow of Fortitude {freeze, rF- rN+++
                  | MP+9 Str-2}
 82589 | Zot:2    | HP: 11/221 [death cob (15)]
 84030 | Zot:3    | Reached skill level 20 in Shields
 84238 | Zot:3    | Acquired 408 gold pieces
 85922 | Crypt:1  | Entered Level 1 of the Crypt
 87052 | Crypt:2  | Found a basalt altar of Yredelemnul.
 87052 | Crypt:2  | Identified the Handbook of Evil
 87457 | Crypt:2  | Reached skill level 1 in Maces & Flails
 87653 | Crypt:3  | Entered Level 3 of the Crypt
 87658 | Crypt:3  | Reached skill level 21 in Shields
 88101 | Crypt:3  | Found a staircase to the Tomb.
 88101 | Crypt:3  | Identified the +0 hunting sling of Erown {freeze, rF+}
 88101 | Crypt:3  | Identified the Reference Book on the Torrid Rocks
 88246 | Crypt:3  | Identified the +1 leather armour of the Sneaky Youths {Harm
                  | Int+2}
 88283 | Crypt:3  | Identified the Papyrus of Bewitchment and Feathers
 88285 | Crypt:3  | Identified the Volume of the Foremost Lies
 88472 | Crypt:3  | Identified Cigotuvi's Grimoire of Stolen Souls
 89301 | Hell     | Entered the Vestibule of Hell
 89301 | Hell     | Noticed Geryon
 89318 | Hell     | Reached skill level 5 in Maces & Flails
 89343 | Hell     | Killed Geryon
 89600 | Hell     | Found a gateway to the Iron City of Dis.
 89721 | Hell     | Reached skill level 22 in Shields
 89854 | Hell     | Found a gateway to the ashen valley of Gehenna.
 90013 | Hell     | Found a gateway to the freezing wastes of Cocytus.
 90136 | Hell     | Found a gateway to the decaying netherworld of Tartarus.
 90269 | Hell     | Upgraded the game from 0.28-a0-938-gbc3f381ebc to
                  | 0.28-a0-941-g140ffa10cf
 91057 | Zot:5    | Entered Level 5 of the Realm of Zot
 91293 | Zot:5    | HP: 10/228 [black draconian knight/shard of ice (34)]
 91294 | Zot:5    | Killed from afar by a black draconian knight

Illustrated notes

Levels and vault maps discovered:
D:1:      wander_arrival_desolate, layout_basic, serial_corexii_hall,
          corexii_hall_statues_s, chequers_hall_statues_y,
          hellmonk_ecumenical_altar_the_god_not_taken, patterned_corridor
D:2:      layout_basic, serial_forest, infiniplex_forest_clump_tiny,
          infiniplex_forest_lined_corner, infiniplex_forest_zigzag_1,
          infiniplex_forest_end_double, infiniplex_forest_corner_2,
          infiniplex_forest_pool, nrook_campfire, st_stairs_11, uniq_natasha,
          uniq_sigmund
D:3:      layout_basic, grunt_temple_overflow_cloverleaf,
          nicolae_overflow_ecumenical_swirl, serial_shops,
          nicolae_shop_competitors_out_of_business, minivault_4
D:4:      layout_loops_ring, hellmonk_ghost_happy_afterlife,
          guppyfry_early_orc_mine
D:5:      kennysheep_slugbush, layout_basic, minmay_temple_entry_fiery,
          kennysheep_cross_room, st_stairs_2
D:6:      layout_gridville, serial_shops, shop, ebering_ghost_sewer_d,
          small_statue_intersection, uniq_grinder
D:7:      layout_rooms, nicolae_vehumet_altar_sigil, marbit_many_paths,
          ebering_ghost_inner_flame
D:8:      nzn_winding_woodlands_cross [nzn_winding_woodlands_5x15_concentric,
          nzn_winding_woodlands_5x15_twine, nzn_winding_woodlands_5x15_eye,
          nzn_winding_woodlands_5x15_sawtooth,
          nzn_winding_woodlands_15x15_killbox], layout_cave_pools,
          lemuel_round_altar, hangedman_decor_points, dk_vineyard_3
D:9:      layout_loops_cross, david_lair_shrubbed, serial_shops,
          nicolae_lakefront_shop, nicolae_shop_statue_plus, shop, shop,
          hangedman_abyss_or_decor_jellyfish_corner, uniq_maggie,
          uniq_prince_ribbit1
D:10:     gammafunk_cloud_chamber, layout_loops_cross,
          mainiacjoe_overflow_chevrons, lemuel_tele_altar, special_room
          [special_room_orc], kennysheep_crisscross
D:11:     layout_basic, portal_ice_cave_rime, uniq_snorg
D:12:     layout_loops_corners, hiddenorc1_lemuel, serial_shops,
          nicolae_shop_temple_entry_statues_fountains, gauntlet_entry_generic,
          gammafunk_ghost_ooze, uniq_josephine
D:13:     layout_irregular_city, serial_shops, nicolae_stop_n_shop_2,
          uniq_jorgrun
D:14:     layout_cave_pools, skrybe_vaults_entry_preservation
D:15:     hangedman_depths_entry_civil_slaughter, layout_layer_cave,
          kiku_gazebo_garden_becter, serial_shops, nicolae_shop_window_shopping
Temple:   minmay_temple_bridge_abc
Lair:1:   layout_roguey
Lair:2:   layout_big_grid, serial_bayou_shore_a
Lair:3:   layout_cave_pods, basic_altar, grunt_megastairs_5
Lair:4:   layout_cave_shapes, minmay_swamp_entry_reptiles,
          nicolae_spider_entry_orb_guardian, ebering_ghost_disaster_area,
          uniq_kirke
Lair:5:   pond_and_an_island_with_a_cottage, layout_gridlike
Lair:6:   wormcave, layout_cave_pods, slime_altar_2, grunt_forest_stairs_basic,
          grunt_megastairs_1
Swamp:1:  layout_falls_marsh, nicolae_swamp_well_well_well,
          infiniplex_staircase_pool
Swamp:2:  nicolae_swamp_phyte_club, layout_basic_swamp,
          nicolae_swamp_small_spring
Swamp:3:  layout_basic_swamp, nicolae_swamp_dense_foliage, swamp_pool5
Swamp:4:  nzn_swamp_witches_coven, layout_basic_swamp, swamp_pool1,
          nicolae_swamp_necromancer_hut, uniq_louise
Spider:1: layout_chambers, hive_lemuel
Spider:2: layout_chambers, drop_trap
Spider:3: layout_spider_delve, ebering_ghost_rock_garden,
          nicolae_spider_eight_legs
Spider:4: spider_rune_water
Slime:1:  layout_caves
Slime:2:  cheibrodos_slime_lost_civilization_10, layout_caves,
          cheibrodos_slime_lost_civilization_7
Slime:3:  layout_caves
Slime:4:  nicolae_slime_pool, layout_caves
Slime:5
Orc:1:    layout_diamond_mine, serial_shops, nicolae_diamond_shop
Orc:2:    grunt_orc_gardens, layout_diamond_mine, grunt_orc_garden,
          grunt_orc_garden, grunt_orc_garden, grunt_orc_garden, serial_shops,
          nicolae_shop_crystal, basic_altar, nicolae_shop_self_help
Elf:1:    nicolae_elf_arrival_fired_up, layout_onion_city, lemuel_upstairs_altar
Elf:2:    elven_hall_of_blades_hangedman_alternative
          [nooodl_blade_entry_preview], layout_rooms,
          hangedman_elven_crosses_minicolossus, uniq_azrael
Elf:3:    minmay_elf_hall_curves, layout_geoelf_castle, serial_shops, shop
Vaults:1: gammafunk_ghost_necromancy, ontoclasm_vaults_claustrophobia,
          v_misc_27, ontoclasm_vaults_ring_square, vaults_room_pool,
          grunt_vaults_focal, v_misc_14, v_misc_14, layout_vaults_quadrants,
          uniq_saint_roka, uniq_asterion, uniq_aizul
Vaults:2: minmay_crypt_entry_simple_statues, hangedman_vaults_stagger,
          nicolae_vaults_triangles, v_misc_8, vaults_room_door_ring,
          vaults_room_corners, ontoclasm_vaults_fault, grunt_vaults_twisty,
          vaults_room_semicircle, nicolae_vaults_three_branches,
          vaults_room_pools, hangedman_vaults_trim, layout_vaults_omnicross,
          serial_shops
Vaults:3: nicolae_vaults_ninety_degrees, v_misc_25, ontoclasm_vaults_ring_small,
          vaults_room_boxed, nicolae_vaults_circle_grid_a,
          nicolae_vaults_what_the_h, ontoclasm_vaults_tryst,
          nicolae_vaults_twisting_passages,
          nicolae_vaults_windows_and_doors_thing, dpeg_vaults_monster_row,
          hangedman_vaults_stretched_pinwheel, v_misc_19,
          vaults_room_semicircle, nicolae_vaults_shelves_hall,
          layout_vaults_maze
Vaults:4: mu_enter_wizlab_6, v_rooms_5, kb_rosetta, hangedman_vaults_hat,
          v_misc_3, vaults_room_semicircle, v_misc_10, hangedman_vaults_slice,
          layout_vaults_chaotic_city
Vaults:5
Crypt:1:  layout_gridlike, grunt_crypt_arrival_webbed,
          roderic_lattice_octagonal_star
Crypt:2:  layout_chaotic_city, weyrava_vampire_temple
Crypt:3:  grunt_crypt_end_deaths_head
Depths:1: layout_gridville, enter_ziggurat_d,
          nicolae_abyss_entry_one_way_or_another, pan_entry,
          grunt_hell_entry_dis_old, kennysheep_boxes
Depths:2: evilmike_iron_armoury, layout_gridlike, grunt_pan_entry_zigzag,
          hell_entry, chequers_serial_rivers_micro_e, serial_bayou_shore_b,
          minmay_staircase_windowed_small
Depths:3: gammafunk_its_a_trap, layout_gridlike, pf_hell_entry_tar_spiral,
          grunt_pan_entry_in_and_out, marbit_kobold_abyss_entry,
          infiniplex_staircase_9_rooms, serial_bayou_shore_b,
          serial_bayou_shore_b, serial_bayou_shore_b
Depths:4: evilmike_zot_entry_diamond, layout_small_grid,
          abyss_entry_small_statue_room, pf_coc_iceberg,
          minmay_misc_feat_more_columns, grunt_ministairs_15,
          nicolae_burly_brawl
Hell
Zot:1:    layout_basic, hangedman_zot_decor_checkerboard
Zot:2:    layout_basic, grunt_megastairs_4
Zot:3:    layout_onion, grunt_megastairs_2, lemuel_elevator
Zot:4:    layout_concentric_octagons
Zot:5:    layout_gridlike

Skill      XL: |  1  2  3  4  5  6  7  8  9 10 11 12 13 14 15 16 17 18 19 20 21 22 23 24 25 26 27 |
---------------+----------------------------------------------------------------------------------+-----
Fighting       | 1 2 3 4 5 7 9 10 11 12 13 14 15 16 17 18 | 18.4
Spellcasting   | 4 5 6 7 8 10 12 13 14 15 16 17 18 | 18.4
Armour         | 4 6 8 9 11 12 13 14 15 16 17 18 19 | 19.9
Shields        | 1 3 6 9 11 12 13 14 15 22 | 22.0
Dodging        | 5 7 9 11 12 13 15 17 18 19 20 21 | 21.6
Stealth        | 5 7 9 10 11 19 | 19.1
Maces & Flails | 7 |  7.1

Action                   |  1- 3 |  4- 6 |  7- 9 | 10-12 | 13-15 | 16-18 | 19-21 | 22-24 | 25-27 || total
-------------------------+-------+-------+-------+-------+-------+-------+-------+-------+-------++-------
Melee: Dagger            |       |   104 |       |       |       |       |     2 |     2 |     3 ||   111
       Staff             |       |       |       |       |    42 |     2 |       |       |    15 ||    59
 Cast: Magic Dart        |    31 |    30 |    73 |    31 |     4 |       |       |       |       ||   169
       Searing Ray       |     6 |    16 |    14 |    12 |    22 |     6 |       |       |       ||    76
       Fulminant Prism   |       |       |    50 |   144 |   208 |   208 |    19 |       |       ||   629
       Iskenderun's Myst |       |       |     5 |    31 |    83 |   121 |    65 |       |       ||   305
       Irradiate         |       |       |       |       |    10 |    22 |    33 |    47 |    30 ||   142
       Summon Cactus Gia |       |       |       |       |    42 |    92 |   112 |    20 |       ||   266
       Tukima's Dance    |       |       |       |       |     2 |       |       |       |       ||     2
       Passage of Golubr |       |       |       |       |     1 |       |       |       |       ||     1
       Simulacrum        |       |       |       |       |       |    48 |    14 |       |       ||    62
       Malign Gateway    |       |       |       |       |       |       |    97 |    77 |    45 ||   219
       Maxwell's Capacit |       |       |       |       |       |       |    30 |   159 |   205 ||   394
       Haunt             |       |       |       |       |       |       |       |   186 |   162 ||   348
       Disjunction       |       |       |       |       |       |       |       |       |    13 ||    13
       Polar Vortex      |       |       |       |       |       |       |       |       |   145 ||   145
Invok: Curse Item        |       |       |     4 |     5 |     1 |     2 |     5 |     1 |     3 ||    21
       Shatter the Chain |       |       |       |     3 |     3 |     1 |     2 |       |     3 ||    12
  Use: Scroll            |       |       |     1 |     2 |       |     1 |     7 |     4 |    25 ||    40
       Potion            |       |       |       |       |       |     2 |     3 |     1 |    23 ||    29
Armor: Robe              |       |     1 |     5 |       |     1 |    10 |    22 |    31 |   150 ||   220
       Leather armour    |       |       |       |     3 |     1 |       |       |       |       ||     4
       Ice dragon scales |       |       |       |       |       |    28 |       |       |       ||    28
Dodge: Dodged            |     1 |     3 |    11 |    11 |    21 |    55 |   116 |   150 |   513 ||   881
Block: Reflection        |       |       |     1 |     4 |     3 |     1 |    25 |    31 |    11 ||    76
       Other             |       |       |     1 |       |       |       |       |       |       ||     1
       Buckler           |       |       |       |     6 |     4 |    35 |    72 |    98 |   318 ||   533

Table legend: (Time is in decaauts)
 A = Elapsed time spent in this place.
 B = Non-inter-level travel time spent in this place.
 C = Inter-level travel time spent in this place.
 D = Time resting spent in this place.
 E = Time spent auto-exploring this place.
 F = Levels seen in this place.
 G = Mean time per level.
                   A        B        C        D        E       F      G
               +--------+--------+--------+--------+--------+-----+--------+
         Total |  91345 |  72838 |  18507 |   5102 |  50093 |  62 | 1473.3 |
       Dungeon |  25478 |  19027 |   6451 |   1017 |  15289 |  15 | 1698.5 |
        Temple |    121 |    111 |     10 |      0 |    101 |   1 |  121.0 |
          Lair |   9852 |   7743 |   2109 |    574 |   6128 |   6 | 1642.0 |
         Swamp |   3808 |   3155 |    653 |    125 |   1857 |   4 |  952.0 |
   Spider Nest |   7089 |   6449 |    640 |    173 |   4950 |   4 | 1772.2 |
    Slime Pits |   4681 |   3681 |   1000 |    264 |   2368 |   5 |  936.2 |
  Orcish Mines |   2029 |   1754 |    275 |     92 |   1346 |   2 | 1014.5 |
   Elven Halls |   5318 |   4259 |   1059 |    157 |   2675 |   3 | 1772.7 |
        Vaults |  12963 |  10268 |   2695 |    932 |   5972 |   5 | 2592.6 |
         Crypt |   3201 |   2817 |    384 |      0 |   2004 |   3 | 1067.0 |
        Depths |   7345 |   5133 |   2212 |    596 |   2794 |   4 | 1836.2 |
          Hell |   1084 |    839 |    245 |    130 |    320 |   1 | 1084.0 |
           Zot |   4677 |   3905 |    772 |    275 |   2805 |   5 |  935.4 |
         Abyss |    134 |    134 |      0 |      0 |      0 |   1 |  134.0 |
      Ice Cave |   1710 |   1710 |      0 |    612 |    634 |   1 | 1710.0 |
        Wizlab |   1068 |   1068 |      0 |    155 |    375 |   1 | 1068.0 |
      Gauntlet |    778 |    778 |      0 |      0 |    474 |   1 |  778.0 |
               +--------+--------+--------+--------+--------+-----+--------+

Top non-repeatable levels by time:
Vaults:1: 3359 daAuts
    D:12: 2901 daAuts
Vaults:4: 2744 daAuts
Vaults:3: 2717 daAuts
Spider:2: 2552 daAuts
  Lair:6: 2394 daAuts
Vaults:2: 2276 daAuts
   Elf:3: 2218 daAuts
Depths:2: 2123 daAuts
     D:9: 2104 daAuts
Depths:3: 1972 daAuts
    D:10: 1928 daAuts
  Lair:5: 1877 daAuts
Vaults:5: 1867 daAuts
   Elf:2: 1859 daAuts
